 Dungeon Crawl Stone Soup version 0.24-a0-164-g56e1b8f (webtiles) character file.

Game seed: 259057273804586709

8794 Lanoc the Carver (level 11, -16/97 HPs)
             Began as a Pale Draconian Monk on Mar 6, 2019.
             Was a High Priest of Elyvilon.
             Killed from afar by Jorgrun (52 damage)
             ... with an iron shot
             ... on level 10 of the Dungeon.
             The game lasted 00:28:24 (12401 turns).

Lanoc the Carver (Pale Draconian Monk)             Turns: 12401, Time: 00:28:24

Health: -16/97     AC:  7    Str: 18    XL:     11   Next: 14%
Magic:  16/16      EV: 18    Int: 11    God:    Elyvilon [*****.]
Gold:   519        SH:  0    Dex: 17    Spells: 10/10 levels left

rFire    + . .     SeeInvis .   E - +5 great sword (curse)
rCold    + + +     Gourm    .   (shield currently unavailable)
rNeg     . . .     Faith    .   (armour unavailable)
rPois    +         Spirit   .   (helmet restricted)
rElec    +         Reflect  .   h - scarf {cloud immunity}
rCorr    +         Harm     .   (no gloves)
MR       .....                  (no boots)
Stlth    ++........             (no amulet)
HPRegen  0.26/turn              v - ring of protection from cold
MPRegen  0.15/turn              x - ring of protection from cold

@: mighty, short of breath, resistant
A: breathe steam, unfitting armour, cold-blooded, AC +7
a: Breathe Steam, Lesser Healing, Heal Other, Purification, Greater Healing,
Divine Vigour, Divine Protection, Renounce Religion


You were on level 10 of the Dungeon.
You worshipped Elyvilon.
Elyvilon was extremely pleased with you.
You were not hungry.

You visited 3 branches of the dungeon, and saw 12 of its levels.
You also visited: Ossuary.

You collected 519 gold pieces.

Inventory:

Hand Weapons
 n - a +4 hunting sling of flaming
 E - a cursed +5 great sword (weapon)
Missiles
 y - 6 silver tomahawks (quivered)
 B - 42 sling bullets
Armour
 h - a scarf of cloud immunity (worn)
 t - a +2 cloak of invisibility
Jewellery
 v - a ring of protection from cold (left hand)
 x - a ring of protection from cold (right hand)
Wands
 a - a wand of flame (17)
 i - a wand of acid (15)
 A - a wand of digging (8)
 D - a wand of iceblast (16)
Scrolls
 c - 2 scrolls of fog
 g - 2 scrolls of random uselessness
 j - 2 scrolls of enchant weapon
 o - 6 scrolls of remove curse
 p - 6 scrolls of teleportation
Potions
 d - 3 potions of flight
 f - a potion of mutation
 k - a potion of cancellation {unknown}
 l - 2 potions of agility {unknown}
 m - a potion of magic
 q - a potion of resistance
 r - 2 potions of ambrosia {unknown}
 s - 9 potions of curing
 u - 2 potions of brilliance
 w - 2 potions of might
 z - a potion of haste
Comestibles
 b - 16 rations


   Skills:
 + Level 9.4 Fighting
 * Level 11.6 Long Blades
 + Level 7.9 Dodging
 - Level 1.7 Stealth
 + Level 7.3 Invocations


You had 10 spell levels left.
You didn't know any spells.
Your spell library contained the following spells:

 Spells                   Type           Power        Failure   Level  Hunger
 Throw Flame              Conj/Fire      #.....       47%         2    ###....
 Stone Arrow              Conj/Erth      #.....       71%         3    ####...
 Iskenderun's Mystic Bla  Conj           #.......     98%         4    #####..


Dungeon Overview and Level Annotations

Branches:
Dungeon (10/15)            Temple (1/1) D:5             Orc (1/2) D:10
   Lair: D:8-11

Altars:
Ashenzari
Cheibriados
Dithmenos
Elyvilon
Fedhas
Gozag
Hepliaklqana
Kikubaaqudgha
Makhleb
Nemelex Xobeh
Okawaru
Qazlal
Ru
Sif Muna
Trog
Uskayaw
Vehumet
Wu Jian
Xom
Yredelemnul
Zin
The Shining One

Shops:
D:6 [   D:10 %

Annotations:
D:10 Jorgrun


Innate Abilities, Weirdness & Mutations

You can breathe blasts of scalding, opaque steam.
Your pale cyan-grey scales are hard. (AC +7)
You cannot fit into any form of body armour.
You are cold-blooded and may be slowed by cold attacks.


Message History

Aim: Jorgrun, wielding a staff of earth and wearing a +0 robe You exhale a blast of scalding steam.
The ball of steam misses Jorgrun.
You feel slightly more hungry.
You slash Jorgrun!
You tail-slap Jorgrun, but do no damage.
Jorgrun is lightly wounded.
Jorgrun is engulfed in a cloud of scalding steam.
Jorgrun casts a spell at you. The iron shot hits you!!
Jorgrun points at you and mumbles some strange words.
The iron shot misses you.
You feel very mighty all of a sudden.
Jorgrun is engulfed in a cloud of scalding steam.
Jorgrun gestures at you while chanting.
You struggle to resist.
You feel protected.
Jorgrun points at you and mumbles some strange words.
The iron shot hits you!!!
Ouch! That really hurt!
You die...

##..# #.............##.#..
##..## #####...................
##..# #............#+#........
#..#####.)..........+∩+........
#........######.....#'#.......†
#.............#...÷÷÷...#......
########......#....#....#......
#......#....#....+..)...
######.@....#....#......
#.....g.....##+###......
#.....................).
#.......................
#§§§.................###
#####....................#
#.....§..................#
#.....§..................#
#########...........######


You could see Jorgrun.

Vanquished Creatures
  Snorg (D:10)
  3 two-headed ogres
  Maurice (D:8)
  Joseph (D:9)
  A hippogriff (D:10)
  Eustachio (D:6)
  8 yaks (D:9)
  A black bear (D:8)
  An orc warrior (D:9)
  A phantom (D:5)
  3 ice beasts
  A sky beast (D:5)
  4 ogres
  A crocodile (D:9)
  4 centaurs
  A big kobold (D:8)
  4 bullfrogs
  A wyvern skeleton (D:6)
  5 scorpions
  A jelly (D:8)
  8 wights
  2 howler monkeys (D:9)
  2 centaur zombies
  5 crimson imps
  2 hounds
  3 bullfrog skeletons
  3 centaur skeletons
  3 orc priests
  3 human zombies (Ossuary)
  4 iguanas
  5 orc wizards
  3 worker ants
  A statue (D:7)
  4 hound skeletons
  A hound zombie (D:6)
  4 mummies (Ossuary)
  Robin (D:4)
  A worker ant zombie (D:5)
  A howler monkey skeleton (D:10)
  2 gnolls (D:3)
  15 adders
  2 shadow imps
  An ooze (D:2)
  An adder skeleton (D:7)
  4 worms
  A dart slug (D:1)
  4 leopard geckos
  25 orcs
  14 bats
  4 giant cockroaches
  15 goblins
  7 hobgoblins
  16 jackals
  16 kobolds
  3 quokkas
  3 ball pythons
  5 frilled lizards
  A gnoll zombie (Ossuary)
  A goblin zombie (Ossuary)
  A kobold zombie (Ossuary)
  An orc zombie (Ossuary)
  A quokka skeleton (D:6)
  A quokka zombie (D:5)
  5 rats (D:1)
  A fungus (D:10)
250 creatures vanquished.

Vanquished Creatures (others)
  7 fungi (D:10)
7 creatures vanquished.

Grand Total: 257 creatures vanquished

Notes
Turn   | Place    | Note
-------+----------+-------------------------------------------
     0 | D:1      | Lanoc the Draconian Monk began the quest for the Orb.
     0 | D:1      | Reached XP level 1. HP: 19/19 MP: 1/1
    70 | D:1      | Reached XP level 2. HP: 14/26 MP: 2/2
   500 | D:1      | Reached XP level 3. HP: 33/33 MP: 3/3
  1038 | D:2      | Reached skill level 4 in Long Blades
  1054 | D:2      | Reached XP level 4. HP: 38/40 MP: 4/4
  1488 | D:3      | Found a shimmering altar of Xom.
  1527 | D:3      | Found a deep blue altar of Sif Muna.
  2380 | D:4      | Noticed Robin
  2392 | D:3      | Reached XP level 5. HP: 39/46 MP: 5/5
  2612 | D:4      | Killed Robin
  2966 | D:4      | Reached skill level 5 in Long Blades
  3221 | D:4      | Reached XP level 6. HP: 49/53 MP: 6/6
  3563 | D:5      | Entered Level 5 of the Dungeon
  3578 | D:5      | Noticed an ice beast
  3590 | D:5      | Killed an ice beast
  3756 | D:5      | Reached skill level 5 in Fighting
  3935 | D:5      | Noticed an ice beast
  3946 | D:5      | Killed an ice beast
  3946 | D:5      | Reached skill level 6 in Long Blades
  3966 | D:5      | Your scales start taking on a pale cyan-grey colour.
  3966 | D:5      | Reached XP level 7. HP: 25/61 MP: 7/7
  4238 | D:5      | Found an ornate altar of the Wu Jian Council.
  4518 | D:5      | Found a white marble altar of Elyvilon.
  4857 | D:5      | Found a staircase to the Ecumenical Temple.
  4864 | Temple   | Entered the Ecumenical Temple
  4963 | D:5      | Became a worshipper of Elyvilon the Healer
  4963 | D:5      | Reached * piety under Elyvilon
  4963 | D:5      | Reached ** piety under Elyvilon
  5069 | D:5      | Reached skill level 7 in Long Blades
  5656 | D:5      | Reached skill level 1 in Invocations
  5656 | D:5      | Reached XP level 8. HP: 17/70 MP: 7/9
  6453 | D:6      | Reached skill level 5 in Dodging
  6841 | D:6      | Noticed Eustachio
  6863 | D:6      | Killed Eustachio
  6863 | D:6      | Reached skill level 8 in Long Blades
  6998 | D:6      | Found Saschaur's Armour Emporium.
  7361 | D:7      | Reached *** piety under Elyvilon
  7636 | D:7      | Reached XP level 9. HP: 78/78 MP: 11/11
  7690 | D:7      | Found a radiant altar of Vehumet.
  8054 | D:8      | Found a sand-covered staircase.
  8059 | Ossuary  | Entered an ossuary
  8477 | D:8      | Reached **** piety under Elyvilon
  8661 | D:8      | Noticed Maurice
  8995 | D:8      | Reached skill level 9 in Long Blades
  9081 | D:8      | Killed Maurice
  9647 | D:8      | Identified the Collected Works on Arcane Weapons
  9814 | D:9      | Noticed a two-headed ogre
  9836 | D:9      | Killed a two-headed ogre
  9836 | D:9      | Reached skill level 10 in Long Blades
  9836 | D:9      | Reached skill level 5 in Invocations
  9874 | D:9      | Reached XP level 10. HP: 46/88 MP: 14/14
  9883 | D:9      | Noticed Joseph
  9912 | D:9      | Killed Joseph
 10335 | D:9      | Found a snail-covered altar of Cheibriados.
 10336 | D:9      | Found a burning altar of Makhleb.
 10867 | D:10     | Entered Level 10 of the Dungeon
 10889 | D:10     | Reached ***** piety under Elyvilon
 11140 | D:10     | Noticed Snorg
 11148 | D:10     | HP: 3/90 [Snorg (7)]
 11150 | D:10     | Elyvilon protects you from harm!
 11198 | D:10     | Killed Snorg
 11198 | D:10     | Reached skill level 11 in Long Blades
 11931 | D:10     | Noticed a two-headed ogre
 11954 | D:10     | Killed a two-headed ogre
 11954 | D:10     | Reached XP level 11. HP: 97/97 MP: 16/16
 12078 | D:10     | Found a staircase to the Orcish Mines.
 12086 | D:10     | Found Dotipsya's Food Shop.
 12135 | D:10     | Noticed a two-headed ogre
 12142 | D:10     | Killed a two-headed ogre
 12395 | Orc:1    | Entered Level 1 of the Orcish Mines
 12395 | Orc:1    | Noticed Jorgrun
 12395 | Orc:1    | Noticed an orc high priest
 12401 | D:10     | Killed from afar by Jorgrun

Levels and vault maps discovered:
D:1:      roderic_dead_forest, layout_loops_ring
D:2:      layout_loops_ring, first_ration, minmay_domino_2
D:3:      layout_loops_cross, led_sif_book, xom_teletrap_fun
D:4:      cheibrodos_helix_gallery, layout_rooms, uniq_robin
D:5:      layout_layer_cave, lemuel_doored_altar, old_standard_altar,
          temple_green
D:6:      layout_basic, serial_shops, nicolae_shop_window_shopping,
          uniq_eustachio
D:7:      layout_cave_pools, vehumet_statue
D:8:      layout_loops_corners, enter_ossuary_2, uniq_maurice
D:9:      layout_cave_pools, gammafunk_temple_overflow_pools, uniq_joseph
D:10:     old_forge, layout_irregular_city, orc_0_dummy, serial_shops,
          kennysheep_mini_moat, nicolae_sextant, uniq_snorg
Temple:   nicolae_temple_x_marks_the_god
Orc:1:    layout_caves, serial_shops, uniq_jorgrun
Ossuary:  ossuary_crypta

Skill      XL: |  1  2  3  4  5  6  7  8  9 10 |
---------------+-------------------------------+-----
Dodging        | 3 4 5 6 7 |  7.9
Long Blades    | 4 5 6 7 8 10 11 | 11.6
Fighting       | 4 5 6 8 9 |  9.4
Invocations    | 1 3 5 7 |  7.3
Stealth        | |  1.7

Action                   |  1- 3 |  4- 6 |  7- 9 | 10-12 || total
-------------------------+-------+-------+-------+-------++-------
Melee: Falchion          |   118 |   194 |   439 |    90 ||   841
       Tailslap          |    15 |    32 |    89 |    19 ||   155
       Great sword       |       |       |       |    50 ||    50
Throw: Tomahawk          |       |       |       |     2 ||     2
Invok: Greater Healing   |       |       |       |     2 ||     2
 Abil: Breathe Steam     |       |       |    34 |    39 ||    73
Evoke: Wand              |       |       |       |     5 ||     5
  Use: Scroll            |       |       |    17 |     2 ||    19
       Potion            |       |       |       |     7 ||     7
 Stab: Sleeping          |     5 |     3 |     8 |       ||    16
  Eat: Chunk             |       |    10 |    11 |    12 ||    33
       Ration            |       |       |     3 |     1 ||     4
Armor: Skin              |    49 |    65 |    79 |    24 ||   217
Dodge: Dodged            |   113 |   140 |   238 |   125 ||   616
       Rpst.: Falchion   |    32 |    50 |    79 |    18 ||   179
       Great sword       |       |       |       |    14 ||    14

Table legend:
 A = Non-vault XP
 B = Vault XP
 C = Vault XP percentage of total XP
 D = Non-vault monster count
 E = Vault monster count
 F = Vault count percentage of total count
                 A         B        C        D         E       F
            +---------+---------+-------+---------+---------+-------
      Total |    9770 |    2794 |  22.2 |     208 |      41 |  16.5
            +---------+---------+-------+---------+---------+-------
        D:1 |      59 |       0 |   0.0 |      33 |       0 |   0.0
        D:2 |      67 |       1 |   1.5 |      16 |       1 |   5.9
        D:3 |      98 |      11 |  10.1 |      18 |       6 |  25.0
        D:4 |     126 |      35 |  21.7 |       8 |       5 |  38.5
        D:5 |    1109 |       0 |   0.0 |      24 |       0 |   0.0
        D:6 |     635 |     217 |  25.5 |      20 |       1 |   4.8
        D:7 |     602 |      32 |   5.0 |      16 |       1 |   5.9
        D:8 |     536 |     462 |  46.3 |      21 |       1 |   4.5
        D:9 |    3396 |     430 |  11.2 |      26 |       1 |   3.7
       D:10 |    3142 |    1362 |  30.2 |      26 |      13 |  33.3
    Ossuary |       0 |     244 | 100.0 |       0 |      12 | 100.0
            +---------+---------+-------+---------+---------+-------
